 Dungeon Crawl Stone Soup version 0.29-a0-490-g77b3608bb8 (webtiles) character file.

Game seed: 5618938197369149725

142 Oddst4r the Chopper (level 5, 0/63 HPs)
             Began as a Human Berserker on May 26, 2022.
             Was a Priest of Trog.
             Slain by an orc
             ... wielding a +0 war axe
              (2 damage)
             ... on level 4 of the Dungeon on May 27, 2022.
             The game lasted 00:35:35 (3712 turns).

Oddst4r the Chopper (Human Berserker)               Turns: 3712, Time: 00:35:35

Health: 0/63       AC: 16    Str: 25 (26) XL:     5   Next: 49%
Magic:  5/5        EV:  9    Int:  7      God:    Trog [***...]
Gold:   146        SH:  5    Dex: 11 (12) Spells: 4/4 levels left

rFire   . . .      SeeInvis .   p - +2 mace (protect)
rCold   . . .      Faith    .   (no shield)
rNeg    . . .      Spirit   .   g - +0 chain mail
rPois   .          Reflect  +   (no helmet)
rElec   .          Harm     .   (no cloak)
rCorr   .          Rampage  .   (no gloves)
Will    .....                   (no boots)
Stlth   ..........              b - amulet of reflection
HPRegen 0.20/turn               o - +6 ring of strength
MPRegen 0.09/turn               (no ring)

@: berserking, lit by a corona, under a protective aura, glowing, very quick
A: no striking features
a: Renounce Religion, Berserk, Trog's Hand


You were on level 4 of the Dungeon.
You worshipped Trog.
Trog was most pleased with you.
You visited 1 branch of the dungeon, and saw 4 of its levels.

You collected 146 gold pieces.

Inventory:

Hand Weapons
 p - a +2 mace of protection (weapon)
Armour
 g - a +0 chain mail (worn)
Jewellery
 b - an amulet of reflection (around neck)
 o - a +6 ring of strength (left hand)
Scrolls
 c - 4 scrolls of identify {unknown}
 e - a scroll of fog {unknown}
 f - 2 scrolls of enchant weapon {unknown}
 j - 2 scrolls of teleportation {unknown}
 k - a scroll of enchant armour {unknown}
 l - a scroll of amnesia {unknown}
 n - a scroll of immolation {unknown}
Potions
 h - a potion of haste
 i - 3 potions of flight {unknown}
 m - a potion of cancellation {unknown}


   Skills:
 + Level 3.8 Fighting
 + Level 4.2(4.3) Axes
 + Level 0.4(2.6) Maces & Flails
 + Level 2.9 Armour
 + Level 2.3 Dodging
 + Level 0.8 Shields


You had 4 spell levels left.
You didn't know any spells.
Your spell library contained the following spells:

 Spells                   Type           Power      Damage    Failure   Level
 Sandblast                Erth           0%         2d4       97%         1
 Blink                    Tloc           0%         N/A       99%         2
 Passwall                 Tmut/Erth      0%         N/A       99%         2
 Stone Arrow              Conj/Erth      0%         3d7       100%        3
 Summon Guardian Golem    Hex/Summ       0%         N/A       100%        3
 Manifold Assault         Tloc           0%         N/A       100%        5
 Orb of Destruction       Conj           0%         9d5       100%        7
 Spellforged Servitor     Conj/Summ      0%         N/A       100%        7
 Storm Form               Tmut/Air       0%         N/A       100%        7


Dungeon Overview and Level Annotations

Branches:
Dungeon (4/15)
 Temple: D:4-7

Altars:

Annotations:
D:4 Dowan, Duvessa


Message History

The orc closely misses you. The orc hits you with a +0 war axe.
Duvessa hits you but does no damage.
A red film seems to cover your vision as you go berserk!
You feel yourself moving faster!
You feel mighty!
Dowan gestures wildly while chanting.
Dowan blinks!
Duvessa hits you but does no damage. You block the orc's attack.
The orc hits you with a +0 war axe.
You hit Duvessa.
Duvessa is moderately wounded.
Duvessa hits you with a +0 short sword.
* * * LOW HITPOINT WARNING * * *
The orc hits you with a +0 war axe.
* * * LOW HITPOINT WARNING * * *
The orc hits you but does no damage. Duvessa closely misses you.
You closely miss Duvessa.
Duvessa is moderately wounded.
Duvessa closely misses you. The orc hits you but does no damage.
The orc hits you with a +0 war axe.
* * * LOW HITPOINT WARNING * * *
Unknown command.
You thump Duvessa!
Duvessa is heavily wounded.
Duvessa hits you but does no damage. The orc barely misses you.
You block the orc's attack. Dowan hits you but does no damage.
You hit Duvessa.
Duvessa is severely wounded.
Duvessa closely misses you. You block Dowan's attack.
You hit Duvessa but do no damage.
Duvessa is severely wounded.
Duvessa hits you but does no damage. The orc hits you but does no damage.
The orc barely misses you. You block Dowan's attack.
Duvessa hits you with a +0 short sword.
* * * LOW HITPOINT WARNING * * *
Unknown command.
You sock Duvessa!
Duvessa is almost dead.
Dowan hits you with a +0 dagger.
* * * LOW HITPOINT WARNING * * *
The orc hits you but does no damage. The orc hits you with a +0 war axe.
You die...

..........####.
...............
...##......#########
...................#
.#.................#
.#.................####
...................##<#
.##.<.o)o..........##.#
......#@...........##.#
......ee.....########.#
......#.......# #.#
......#.......#######.##
......#.................
...............)..######
..................#
..................#
................#


You could see Duvessa (fast), Dowan (fast) and 2 orcs.

Vanquished Creatures
  Terence (D:2)
  Robin (D:2)
  A gnoll (D:3)
  A worm (D:2)
  9 orcs
  9 ball pythons
  6 bats
  7 endoplasms
  2 giant cockroaches
  11 goblins
  12 hobgoblins
  5 kobolds
  3 quokkas
  7 rats
  A spectral goblin (D:1)
76 creatures vanquished.

Vanquished Creatures (others)
  3 plants (D:1)
3 creatures vanquished.

Grand Total: 79 creatures vanquished

Notes
Turn   | Place    | Note
-------+----------+-------------------------------------------
     0 | D:1      | Oddst4r the Human Berserker began the quest for the Orb.
     0 | D:1      | Reached XP level 1. HP: 18/18 MP: 1/1
   344 | D:1      | Reached XP level 2. HP: 17/24 MP: 2/2
   463 | D:1      | Found a faded altar of an unknown god.
   834 | D:1      | Reached XP level 3. HP: 27/29 MP: 3/3
  1826 | D:2      | Noticed Terence
  1837 | D:2      | Killed Terence
  1838 | D:2      | Reached XP level 4. HP: 22/35 MP: 4/4
  1911 | D:2      | Reached ** piety under Trog
  1917 | D:2      | Noticed Robin
  1947 | D:2      | Killed Robin
  1958 | D:2      | Reached skill level 4 in Axes
  3027 | D:3      | Upgraded the game from 0.29-a0-483-g69413ace17 to
                  | 0.29-a0-490-g77b3608bb8
  3076 | D:3      | Reached XP level 5. HP: 41/41 MP: 5/5
  3646 | D:4      | Reached *** piety under Trog
  3687 | D:4      | Noticed Duvessa
  3689 | D:4      | Noticed Dowan
  3712 | D:4      | HP: 2/63 [Dowan/+0 dagger (3)]
  3712 | D:4      | Slain by an orc

Illustrated notes

Levels and vault maps discovered:
D:1:      lightli_arrival_statuegarden, layout_loops_corners,
          dreamdust_ecumenical_altar_drowned_temple
D:2:      layout_loops_cross, uniq_robin, uniq_terence
D:3:      layout_rooms, st_stairs_10
D:4:      layout_basic, uniq_ijyb, uniq_duvessa

Skill      XL: |  1  2  3  4 |
---------------+-------------+-----
Axes           | 4 |  4.2
Fighting       | |  3.8
Maces & Flails | |  0.4
Armour         | |  2.9
Dodging        | |  2.3
Shields        | |  0.8

Action                   |  1- 3 |  4- 6 || total
-------------------------+-------+-------++-------
Melee: Hand axe          |    94 |    96 ||   190
       Punch             |     1 |     2 ||     3
       Mace              |       |    70 ||    70
Invok: Berserk           |       |     2 ||     2
  Use: Potion            |       |     2 ||     2
Armor: Animal skin       |     1 |       ||     1
       Chain mail        |    63 |   129 ||   192
Dodge: Dodged            |    43 |   102 ||   145
Block: Other             |    10 |    57 ||    67

Table legend: (Time is in decaauts)
 A = Elapsed time spent in this place.
 B = Non-inter-level travel time spent in this place.
 C = Inter-level travel time spent in this place.
 D = Time resting spent in this place.
 E = Time spent auto-exploring this place.
 F = Levels seen in this place.
 G = Mean time per level.
                   A        B        C        D        E       F      G
               +--------+--------+--------+--------+--------+-----+--------+
         Total |   3775 |   3771 |      4 |    426 |    369 |   4 |  943.8 |
       Dungeon |   3775 |   3771 |      4 |    426 |    369 |   4 |  943.8 |
               +--------+--------+--------+--------+--------+-----+--------+

Top non-repeatable levels by time:
     D:1: 1570 daAuts
     D:2: 1435 daAuts
     D:3: 681 daAuts
     D:4: 87 daAuts
